 Dungeon Crawl Stone Soup version 0.30-a0-23-ge60ba3568b (webtiles) character file.

Game seed: 4077804009825730127

114 Newt the Cudgeller (level 4, 0/28 HPs)
             Began as a Gargoyle Monk on Aug 24, 2022.
             Splashed by a jelly's acid (6 damage)
             ... on level 3 of the Dungeon.
             The game lasted 00:02:59 (2376 turns).

Newt the Cudgeller (Gargoyle Monk)                  Turns: 2376, Time: 00:03:00

Health: 0/28       AC:  2    Str: 16    XL:     4   Next: 97%
Magic:  4/4        EV: 11    Int: 11    God:
Gold:   142        SH:  0    Dex: 12    Spells: 3/3 levels left

rFire   . . .      SeeInvis .    a - +0 mace
rCold   . . .      Faith    .    (no shield)
rNeg    + + .      Spirit   .    g - +0 ring mail
rPois   ∞          Reflect  .    (no helmet)
rElec   +          Harm     .    (no cloak)
rCorr   .          Rampage  .    d - +0 pair of gloves
Will    .....                    (no boots)
Stlth   +.........               (no amulet)
HPRegen 0.09/turn                l - ring of positive energy
MPRegen 0.09/turn                (no ring)

@: corroded
A: sickness immunity, AC +3, negative energy resistance 1, electricity
resistance, torment resistance 1, petrification resistance
a: no special abilities


You were on level 3 of the Dungeon.
You visited 1 branch of the dungeon, and saw 4 of its levels.

You collected 142 gold pieces.

Inventory:

Hand Weapons
 a - a +0 mace (weapon)
 e - a +2 spear of freezing
Armour
 b - a +0 robe
 d - a +0 pair of gloves (worn)
 g - a +0 ring mail (worn)
Jewellery
 l - a ring of positive energy (left hand)
Wands
 q - a wand of digging (6)
Scrolls
 k - 2 scrolls of silence {unknown}
 m - a scroll of enchant weapon {unknown}
 n - a scroll of fog {unknown}
 p - 3 scrolls of magic mapping {unknown}
Potions
 c - 3 potions of ambrosia
 f - 2 potions of might
 h - a potion of curing {unknown}
 i - a potion of degeneration {unknown}
 j - 2 potions of lignification
 o - a potion of resistance {unknown}


   Skills:
 - Level 3.2 Fighting
 - Level 5.0 Maces & Flails
 + Level 2.2 Armour
 - Level 2.4 Dodging
 - Level 2.1 Stealth


You had 3 spell levels left.
You didn't know any spells.
Your spell library contained the following spells:

 Spells                   Type           Power      Damage    Failure   Level
 Summon Small Mammal      Summ           0%         N/A       54%         1
 Poisonous Vapours        Pois/Air       0%         N/A       69%         2
 Call Canine Familiar     Summ           0%         N/A       89%         3
 Summon Guardian Golem    Hex/Summ       0%         N/A       89%         3
 Corpse Rot               Necr/Pois/Air  0%         N/A       100%        4
 Dispersal                Tloc           0%         N/A       100%        6
 Disjunction              Tloc           0%         N/A       100%        8


Dungeon Overview and Level Annotations

Branches:
Dungeon (4/15)
 Temple: D:4-7

Altars:
Gozag
Sif Muna


Innate Abilities, Weirdness & Mutations

You are immune to sickness and miasma.
Your stone body is resilient. (AC +3)
You are immune to poison.
You resist negative energy. (rN+)
You are resistant to electric shocks. (rElec)
You are resistant to unholy torment.
You are immune to petrification.


Message History

An orc comes into view. It is wielding a +0 hand axe.
You closely miss the orc. The orc barely misses you.
You hit the orc.
The orc is almost dead.
The orc misses you. x2
You closely miss the orc.
The orc is almost dead.
The orc misses you.
You hit the orc.
You kill the orc!
No target in view!
Found a spear.
Found a stone staircase leading down.
A jelly comes into view.
The jelly quivers.
The jelly jiggles.
The jelly misses you.
You hit the jelly.
Your hands burn!
The jelly is moderately wounded.
The jelly closely misses you.
You barely miss the jelly.
The jelly is moderately wounded.
The jelly barely misses you.
You hit the jelly but do no damage. The acid corrodes you!
Your hands burn!
The jelly is moderately wounded.
The jelly closely misses you.
You hit the jelly.
Your hands burn!
The jelly is heavily wounded.
The jelly hits you but does no damage.
Unknown command.
You hit the jelly but do no damage. The acid corrodes you!
Your hands burn!
The jelly is heavily wounded.
The jelly hits you.
You are splashed with acid!
* * * LOW HITPOINT WARNING * * *
The jelly hits you but does no damage.
Unknown command.
Okay, then.
The jelly attacks as you move away! The jelly hits you.
* * * LOW HITPOINT WARNING * * *
You are splashed with acid.
You die...

.....#.# ...≈≈≈. ##
..≈.≈. >..
..≈.≈####.#####
#.≈.≈.........#
#.#...........#
######.#..........<#
#...@..#........[..#
#.#J#..............#
#.#.###..........#
###.# #..........##
..# #..).........
#.. ####
######.###... #.....
#########.###... ##
......
#..........##... .##
#.##..
#..........##...


You could see a jelly.

Vanquished Creatures
  Jessica (D:3)
  Terence (D:3)
  2 adders
  A dart slug (D:1)
  An orc (D:3)
  2 bats (D:2)
  3 endoplasms (D:1)
  3 giant cockroaches
  3 goblins
  2 hobgoblins
  3 jackals (D:3)
  6 ball pythons
  A frilled lizard (D:2)
  8 kobolds
  4 rats
41 creatures vanquished.

Notes
Turn   | Place    | Note
-------+----------+-------------------------------------------
     0 | D:1      | Newt the Gargoyle Monk began the quest for the Orb.
     0 | D:1      | Reached XP level 1. HP: 14/14 MP: 1/1
   225 | D:1      | Reached XP level 2. HP: 11/19 MP: 2/2
   430 | D:1      | Found a faded altar of an unknown god.
   730 | D:1      | Reached skill level 4 in Maces & Flails
  1119 | D:1      | Reached XP level 3. HP: 23/23 MP: 3/3
  1169 | D:1      | Identified the +0 robe of Sivven {SInv}
  1485 | D:2      | You fall into a shaft and drop 2 floors!
  1496 | D:4      | Found an opulent altar of Gozag.
  1499 | D:4      | Found a shimmering blue altar of Sif Muna.
  1569 | D:3      | Reached XP level 4. HP: 10/28 MP: 4/4
  1622 | D:3      | Noticed Jessica
  1832 | D:3      | Killed Jessica
  1833 | D:3      | Reached skill level 5 in Maces & Flails
  1833 | D:3      | Reached skill level 1 in Armour
  1890 | D:3      | Noticed Terence
  1915 | D:3      | Killed Terence
  2376 | D:3      | Splashed by a jelly's acid

Illustrated notes

Levels and vault maps discovered:
D:1:      onia_arrival_mini_spirals, layout_loops_ring,
          ebering_ecumenical_altar_box, nicolae_kite_square_tiling_tiny,
          dreamdust_princess_bridge, kennysheep_small_spiral,
          corexii_corridor_pit, serial_bayou_ford_a, dreamdust_princess_corridor
D:2:      layout_basic, minmay_lizard_pond
D:3:      layout_basic, chequers_serial_rivers_micro_d, uniq_terence,
          uniq_jessica, uniq_ijyb
D:4:      layout_basic, nicolae_overflow_squiral,
          grunt_temple_overflow_order_and_chaos_2, uniq_edmund, uniq_natasha

Skill      XL: |  1  2  3  4 |
---------------+-------------+-----
Maces & Flails | 4 5 |  5.0
Armour         | 2 |  2.2
Fighting       | |  3.2
Dodging        | |  2.4
Stealth        | |  2.1

Action                   |  1- 3 |  4- 6 || total
-------------------------+-------+-------++-------
Melee: Mace              |   126 |    45 ||   171
  Use: Scroll            |     3 |       ||     3
 Stab: Sleeping          |     2 |       ||     2
       Distracted        |     1 |       ||     1
Armor: Robe              |    14 |       ||    14
       Ring mail         |    63 |    13 ||    76
Dodge: Dodged            |    96 |    21 ||   117

Table legend: (Time is in decaauts)
 A = Elapsed time spent in this place.
 B = Non-inter-level travel time spent in this place.
 C = Inter-level travel time spent in this place.
 D = Time resting spent in this place.
 E = Time spent auto-exploring this place.
 F = Levels seen in this place.
 G = Mean time per level.
                   A        B        C        D        E       F      G
               +--------+--------+--------+--------+--------+-----+--------+
         Total |   2408 |   2367 |     41 |    562 |   1377 |   4 |  602.0 |
       Dungeon |   2408 |   2367 |     41 |    562 |   1377 |   4 |  602.0 |
               +--------+--------+--------+--------+--------+-----+--------+

Top non-repeatable levels by time:
     D:1: 1224 daAuts
     D:3: 854 daAuts
     D:2: 280 daAuts
     D:4: 48 daAuts
